 Dungeon Crawl Stone Soup version 0.28-a0-1435-g82390b3a13 (webtiles) character file.

Game seed: 15682804653067560085

9 HallandMoats the Skirmisher (level 2, 0/24 HPs)
             Began as a Demonspawn Fighter on Jan 9, 2022.
             Slain by a bat (1 damage)
             ... on level 1 of the Dungeon.
             The game lasted 00:00:19 (307 turns).

HallandMoats the Skirmisher (Demonspawn Fighter)     Turns: 307, Time: 00:00:20

Health: 0/24       AC:  6    Str: 16    XL:     2   Next: 3%
Magic:  2/2        EV:  9    Int: 11    God:
Gold:   13         SH:  4    Dex: 12    Spells: 1/1 levels left

rFire   . . .      SeeInvis .   a - +0 war axe
rCold   . . .      Faith    .   c - +0 buckler
rNeg    . . .      Spirit   .   b - +0 scale mail
rPois   .          Reflect  .   (no helmet)
rElec   .          Harm     .   (no cloak)
rCorr   .          Rampage  .   (no gloves)
Will    .....                   (no boots)
Stlth   ..........              (no amulet)
HPRegen 0.08/turn               (no ring)
MPRegen 0.08/turn               (no ring)

@: no status effects
A: big brain 1
a: no special abilities


You were on level 1 of the Dungeon.
You visited 1 branch of the dungeon, and saw 1 of its levels.

You collected 13 gold pieces.

Inventory:

Hand Weapons
 a - a +0 war axe (weapon)
Missiles
 g - a throwing net (quivered)
Armour
 b - a +0 scale mail (worn)
 c - a +0 buckler (worn)
Scrolls
 e - a scroll of noise {unknown}
 f - a scroll of teleportation {unknown}
Potions
 d - a potion of might


   Skills:
 + Level 3.1 Fighting
 * Level 2.1 Axes
 + Level 2.7 Armour
 + Level 0.3 Dodging
 + Level 2.7 Shields


You had one spell level left.
You didn't know any spells.
Your spell library was empty.

Dungeon Overview and Level Annotations

Branches:
Dungeon (1/15)

Altars:


Innate Abilities, Weirdness & Mutations

You have an unusually large brain. (Int +2)


Message History

* * * LOW HITPOINT WARNING * * *
The bat hits you but does no damage. You block the giant cockroach's attack.
The giant cockroach barely misses you. The bat hits you but does no damage.
The giant cockroach bites you.
* * * LOW HITPOINT WARNING * * *
The bat closely misses you.
The giant cockroach bites you but does no damage.
You block the bat's attack. The giant cockroach bites you.
* * * LOW HITPOINT WARNING * * *
The bat barely misses you. The bat closely misses you.
The giant cockroach bites you but does no damage.
The bat barely misses you.
The giant cockroach bites you but does no damage.
The bat hits you but does no damage. You block the giant cockroach's attack.
The bat hits you but does no damage. The giant cockroach closely misses you.
You block the bat's attack. The bat barely misses you.
The giant cockroach barely misses you.
The giant cockroach bites you but does no damage.
The bat hits you.
* * * LOW HITPOINT WARNING * * *
You block the bat's attack. The giant cockroach bites you.
* * * LOW HITPOINT WARNING * * *
The giant cockroach closely misses you. The giant cockroach bites you.
* * * LOW HITPOINT WARNING * * *
The bat closely misses you. The bat hits you but does no damage.
You block the giant cockroach's attack. The bat closely misses you.
The giant cockroach barely misses you. The bat closely misses you.
The giant cockroach bites you but does no damage.
You block the giant cockroach's attack. You block the bat's attack.
The bat hits you but does no damage. The giant cockroach bites you.
* * * LOW HITPOINT WARNING * * *
The giant cockroach bites you but does no damage.
The bat hits you but does no damage. The giant cockroach barely misses you.
The bat hits you but does no damage. The giant cockroach barely misses you.
The bat hits you but does no damage. The bat closely misses you.
The giant cockroach bites you but does no damage.
The bat hits you.
You die...

.....# ####......#
...#####.........#
...............###
.........####..#####
...................#
...................#
#######.####...#########
†.......# #............
#...... # #....@.......
...... #....Bb......
##### #............
#............
#............
#............
#............
####.........


You could see a giant cockroach and a bat.

Vanquished Creatures
  A ball python (D:1)
  A bat (D:1)
  An endoplasm (D:1)
  A giant cockroach (D:1)
  A hobgoblin (D:1)
  2 frilled lizards (D:1)
  A rat (D:1)
8 creatures vanquished.

Notes
Turn   | Place    | Note
-------+----------+-------------------------------------------
     0 | D:1      | HallandMoats the Demonspawn Fighter began the quest for the
                  | Orb.
     0 | D:1      | Reached XP level 1. HP: 18/18 MP: 1/1
   157 | D:1      | Gained mutation: You have an unusually large brain. (Int
                  | +2) [demonic ancestry]
   157 | D:1      | Reached XP level 2. HP: 21/24 MP: 2/2
   298 | D:1      | HP: 1/24 [giant cockroach (1)]
   303 | D:1      | HP: 1/24 [giant cockroach (1)]
   307 | D:1      | Slain by a bat

Illustrated notes

Levels and vault maps discovered:
D:1:      dpeg_arrival_rhombus, layout_rooms, serial_shops,
          nicolae_shop_hallway_stairs

Skill      XL: |  1 |
---------------+----+-----
Axes           | 2 |  2.1
Fighting       | |  3.1
Armour         | |  2.7
Dodging        | |  0.3
Shields        | |  2.7

Action                   || total
-------------------------++-------
Melee: War axe           ||    23
Armor: Scale mail        ||   107
Dodge: Dodged            ||    86
Block: Buckler           ||    37

Table legend: (Time is in decaauts)
 A = Elapsed time spent in this place.
 B = Non-inter-level travel time spent in this place.
 C = Inter-level travel time spent in this place.
 D = Time resting spent in this place.
 E = Time spent auto-exploring this place.
 F = Levels seen in this place.
 G = Mean time per level.
                   A        B        C        D        E       F      G
               +--------+--------+--------+--------+--------+-----+--------+
         Total |    317 |    317 |      0 |      0 |    172 |   1 |  317.0 |
       Dungeon |    317 |    317 |      0 |      0 |    172 |   1 |  317.0 |
               +--------+--------+--------+--------+--------+-----+--------+

Top non-repeatable levels by time:
     D:1: 317 daAuts
